 Dungeon Crawl Stone Soup version 0.31-a0-881-ge136f0c47a (webtiles) character file.

Game seed: 12004650358522363733

3 jlumianski the Caller (level 1, 0/10 HPs)
             Began as a Deep Elf Summoner on Oct 16, 2023.
             Slain by a goblin
             ... wielding a +0 club
              (4 damage)
             ... on level 1 of the Dungeon.
             The game lasted 00:02:50 (68 turns).

jlumianski the Caller (Deep Elf Summoner)             Turns: 68, Time: 00:02:51

Health: 0/10       AC:  2    Str:  5    XL:     1   Next: 41%
Magic:  3/6        EV: 12    Int: 19    God:
Gold:   0          SH:  0    Dex: 15    Spells: 5/6 levels left

rFire   . . .        (no weapon)
rCold   . . .        (no shield)
rNeg    . . .        a - +0 robe
rPois   .            (no helmet)
rElec   .            (no cloak)
rCorr   .            (no gloves)
SInv    .            (no boots)
Will    .....        (no amulet)
Stlth   ++           (no ring)
HPRegen 0.21/turn    (no ring)
MPRegen 0.10/turn

%: no passive effects
@: no status effects
A: no striking features
a: no special abilities


You were on level 1 of the Dungeon.
You visited 1 branch of the dungeon, and saw 2 of its levels.

Inventory:

Armour
 a - a +0 robe (worn)
Potions
 b - a potion of magic
 c - a potion of might {unknown}


   Skills:
 + Level 2.4 Dodging
 + Level 2.4 Stealth
 + Level 3.0 Spellcasting
 + Level 4.5 Summonings


You had 5 spell levels left.
You knew the following spells:

 Your Spells              Type           Power      Damage    Failure   Level
a - Summon Small Mammal   Summ           80%        N/A       2%          1

Your spell library contained the following spells:

 Spells                   Type           Power      Damage    Failure   Level
 Call Imp                 Summ           40%        N/A       3%          2
 Call Canine Familiar     Summ           20%        N/A       7%          3
 Summon Guardian Golem    Hex/Summ       11%        N/A       19%         3
 Summon Lightning Spire   Summ/Air       11%        N/A       52%         4


Dungeon Overview and Level Annotations

Branches:
Dungeon (2/15)

Altars:


Message History

The giant cockroach attacks as it pursues you!
The giant cockroach closely misses you.
The giant cockroach attacks as it pursues you!
The giant cockroach bites you but does no damage.
Casting: Summon Small Mammal (safe; 2% risk of failure)
Confirm with . or Enter, or press ? or * to list all spells.
The giant cockroach bites you but does no damage.
You hit the giant cockroach but do no damage.
The giant cockroach closely misses you.
Your quokka bites the giant cockroach.
The giant cockroach bites you.
You hit the giant cockroach but do no damage.
The giant cockroach is severely wounded.
Your quokka bites the giant cockroach.
The giant cockroach dies!
Your quokka bites the worm.
Your quokka bites the worm.
Your quokka bites the worm.
The worm bites your quokka.
Your quokka dies!
Your quokka's corpse disappears in a puff of smoke!
The worm bites your quokka.
Your quokka bites the worm but does no damage.
Your quokka closely misses the worm.
The worm completely misses your quokka.
Your quokka bites the worm.
Your quokka bites the worm.
Something bites your quokka.
Your quokka dies!
Your quokka's corpse disappears in a puff of smoke!
Found a flux talisman.
There is a stone staircase leading up here.
You climb upwards.
The goblin barely misses you.
There is a stone staircase leading down, spattered with blood here.
Casting: Summon Small Mammal (safe; 2% risk of failure)
Confirm with . or Enter, or press ? or * to list all spells.
The goblin closely misses you. The quokka bites you.
The goblin barely misses you. The quokka bites you.
Casting: Summon Small Mammal (safe; 2% risk of failure)
Confirm with . or Enter, or press ? or * to list all spells.
The goblin hits you with a +0 club. The quokka barely misses you.
You barely miss the quokka. The goblin hits you with a +0 club.
You die...

##≈≈≈≈≈≈.≈≈≈#.##
##≈≈≈≈≈≈.≈≈≈≈≈..##
#≈≈≈≈≈≈≈.≈≈≈≈≈≈...
≈≈≈8≈≈≈≈≈.≈≈8≈≈≈..
≈≈≈≈≈≈≈≈≈≈.≈≈≈≈≈.#
≈≈≈≈~~~≈≈≈.≈≈≈≈≈.#
~≈≈~≈≈≈r≈≈.≈≈≈≈≈.#
≈~~≈≈≈≈>g.≈≈≈≈≈≈.#
≈≈≈≈≈≈.@r≈≈≈≈~~≈.#
≈≈≈≈≈.≈≈r≈≈≈~≈≈~..
≈≈≈≈≈.≈≈≈~~~≈≈≈≈$.
≈≈≈≈≈.≈≈≈≈≈≈≈≈≈≈..
≈≈≈8≈≈.≈≈≈≈≈8≈≈≈#.
.≈≈≈≈≈≈.≈≈≈≈≈≈≈..
..≈≈≈≈≈.≈≈≈≈≈≈###
#..≈≈≈.≈≈≈≈≈≈..


You could see a quokka (ally target), a goblin (ally target), a friendly quokka
(summoned) and a friendly rat (summoned).

Vanquished Creatures (collateral kills)
  A giant cockroach (D:2)
  A quokka (D:2)
  A ball python (D:2)
3 creatures vanquished.

Notes
Turn   | Place    | Note
-------+----------+-------------------------------------------
     0 | D:1      | jlumianski the Deep Elf Summoner began the quest for the
                  | Orb.
     0 | D:1      | Reached XP level 1. HP: 10/10 MP: 6/6
    68 | D:1      | Slain by a goblin

Illustrated notes

Levels and vault maps discovered:
D:1:      nzn_arrival_water_spiral, layout_rooms, chequers_serial_rivers_small_a
D:2:      layout_basic, basic_altar

Action                     || total
---------------------------++-------
  Melee: Unarmed           ||     4
   Cast: Summon Small Mamm ||     8
 Armour: Robe              ||    18
  Dodge: Dodged            ||    17

Table legend: (Time is in decaauts)
 A = Elapsed time spent in this place.
 B = Non-inter-level travel time spent in this place.
 C = Inter-level travel time spent in this place.
 D = Time resting spent in this place.
 E = Time spent auto-exploring this place.
 F = Levels seen in this place.
 G = Mean time per level.
                   A        B        C        D        E       F      G
               +--------+--------+--------+--------+--------+-----+--------+
         Total |     68 |     68 |      0 |      0 |      1 |   2 |   34.0 |
       Dungeon |     68 |     68 |      0 |      0 |      1 |   2 |   34.0 |
               +--------+--------+--------+--------+--------+-----+--------+

Top non-repeatable levels by time:
     D:2: 42 daAuts
     D:1: 25 daAuts
